 Dungeon Crawl Stone Soup version 0.27-a0-732-ga892ba84f6 (webtiles) character file.

Game seed: 10060263474680967961

942 Lanoc the Skirmisher (level 7, -4/64 HPs)
             Began as a Palentonga Wanderer on Mar 24, 2021.
             Blown up by Maggie (21 damage)
             ... with a mindburst bolt
             ... on level 7 of the Dungeon.
             The game lasted 00:06:37 (5331 turns).

Lanoc the Skirmisher (Palentonga Wanderer)          Turns: 5331, Time: 00:06:38

Health: -4/64      AC: 15    Str: 15    XL:     7   Next: 88%
Magic:  7/7        EV: 12    Int: 15    God:
Gold:   220        SH:  0    Dex: 17    Spells: 6/6 levels left

rFire    . . .     SeeInvis +   g - +3 quarterstaff (chaos)
rCold    . . .     Faith    .   (shield currently unavailable)
rNeg     . . .     Spirit   .   k - +1 leather armour of the Bulwark {Rampage Int+2}
rPois    .         Reflect  .   d - +1 helmet
rElec    .         Harm     .   i - +0 cloak
rCorr    .         Rampage  +   (no gloves)
Will     .....                  (no barding)
Stlth    ++........             (no amulet)
HPRegen  0.20/turn              f - +6 ring of dexterity
MPRegen  0.10/turn              (no ring)

@: mighty, curled up
A: large, rugged brown scales 3, see invisible, deformed body, roll 1, armoured
tail, reflexive curl
a: Rolling Charge


You were on level 7 of the Dungeon.
You visited 1 branch of the dungeon, and saw 6 of its levels.

You collected 220 gold pieces.

Inventory:

Hand Weapons
 a - a +3 short sword
 b - a +0 falchion
 g - a +3 quarterstaff of chaos (weapon)
Armour
 d - a +1 helmet (worn)
 i - a +0 cloak (worn)
 k - the +1 leather armour of the Bulwark (worn) {Rampage Int+2}
   (You found it on level 4 of the Dungeon)

   It affects your intelligence (+2).
   It bestows one free step when moving towards enemies.
Jewellery
 f - a +6 ring of dexterity (right hand)
Wands
 n - a wand of random effects (20)
Scrolls
 l - a scroll of summoning
Potions
 c - 4 potions of curing
 e - 2 potions of lignification
 j - 2 potions of magic
 m - 2 potions of heal wounds {unknown}
 o - a potion of brilliance {unknown}
 p - a potion of invisibility {unknown}


   Skills:
 + Level 7.1 Fighting
 - Level 1.0 Short Blades
 + Level 5.1 Dodging
 - Level 1.0 Stealth
 - Level 1.0 Shields
 - Level 3.0 Necromancy
 - Level 1.0 Evocations


You had 6 spell levels left.
You didn't know any spells.
Your spell library contained the following spells:

 Spells                   Type           Power      Damage    Failure   Level
 Beastly Appendage        Tmut           0%         N/A       32%         1
 Wereblood                Tmut           0%         N/A       45%         2
 Spider Form              Tmut/Pois      0%         N/A       69%         3
 Ice Form                 Ice/Tmut       0%         N/A       97%         4
 Blade Hands              Tmut           0%         N/A       100%        5


Dungeon Overview and Level Annotations

Branches:
Dungeon (5/15)
 Temple: D:4-7

Altars:
Cheibriados
Makhleb
Vehumet

Shops:
D:2 (

Annotations:
D:2 Sigmund
D:7 Maggie


Innate Abilities, Weirdness & Mutations

You are completely covered in rugged brown scales. (AC +3, +7% HP)
You have supernaturally acute eyesight. (SInv)
Armour fits poorly on your strangely shaped body.
You can roll at nearby foes to attack.
You have a long armoured tail.
You curl defensively after being hit.


Message History

The gnoll sergeant hits you but does no damage.
The bullfrog hits you.
Maggie mumbles some strange words.
Maggie attempts to bespell you! You resist with some effort.
Your quokka closely misses the bullfrog.
The bullfrog hits you but does no damage.
The gnoll sergeant hits you from afar with a +0 spear.
Your centaur closely misses the bullfrog.
Your centaur kicks the bullfrog.
Your quokka completely misses the bullfrog.
The bullfrog closely misses you.
Your centaur barely misses the bullfrog.
Your centaur closely misses the bullfrog.
You sock the bullfrog!
You kill the bullfrog!
The gnoll sergeant hits you from afar with a +0 spear.
The gnoll hits your centaur with a +0 flail!
Your quokka bites the gnoll sergeant.
Your bullfrog hits the gnoll sergeant but does no damage.
Maggie hits you from afar with a +1 vorpal glaive!
Your bullfrog hits the gnoll sergeant.
Your quokka bites the gnoll sergeant but does no damage.
The gnoll completely misses your centaur.
It was a potion of might.
You feel very mighty all of a sudden.
Your quokka barely misses the gnoll sergeant.
The gnoll sergeant hits you from afar with a +0 spear!
* * * LOW HITPOINT WARNING * * *
A gnoll comes into view. It is wielding a +0 club.
The gnoll sergeant blocks your bullfrog's attack.
Your centaur completely misses the gnoll sergeant.
Your centaur barely misses the gnoll sergeant.
Maggie closely misses you.
Your quokka barely misses the gnoll sergeant.
The gnoll closely misses your quokka.
Your centaur hits the gnoll sergeant.
Your centaur kicks the gnoll sergeant but does no damage.
Your bullfrog hits the gnoll sergeant.
The gnoll sergeant hits your centaur with a +0 spear.
Maggie zaps a wand.
Your mind is blasted!
You die...

..# #.# ### #.#
.. #.##.##
##.#.[.##
.......# ##
#......#
#.##@.$...#
#.####.#g....##
........c..#####
.
#........rg@.....
. #
#.#######Fg.####.
# #.#.# #.).# #
.#.# #...# . ..#
#.g.# # #.# #...#


You could see Maggie, a gnoll sergeant (ally target), 3 gnolls, a friendly
bullfrog (summoned), a friendly centaur (summoned) and a friendly quokka
(summoned).

Vanquished Creatures
  A sky beast (D:5)
  2 ogres
  A centaur (D:5)
  A bullfrog (D:7)
  A howler monkey (D:4)
  A crimson imp (D:4)
  Crazy Yiuf (D:3)
  A hound (D:5)
  2 centaur skeletons
  Natasha (thrice) (D:3)
  An iguana (D:7)
  A hound skeleton (D:3)
  9 adders
  2 ufetubi (D:5)
  An adder skeleton (D:5)
  4 worms
  An orc (D:5)
  10 bats
  3 giant cockroaches
  9 goblins
  12 hobgoblins
  7 oozes
  4 quokkas
  4 ball pythons
  5 frilled lizards
  A jackal skeleton (D:4)
  7 kobolds
  A quokka skeleton (D:5)
  5 rats
101 creatures vanquished.

Vanquished Creatures (others)
  A phantom (D:4)
1 creature vanquished.

Grand Total: 102 creatures vanquished

Notes
Turn   | Place    | Note
-------+----------+-------------------------------------------
     0 | D:1      | Lanoc the Palentonga Wanderer began the quest for the Orb.
     0 | D:1      | Lanoc set off with the following items: a +2 short sword, a
                  | +0 falchion, a potion of curing, a +0 robe
     0 | D:1      | Reached XP level 1. HP: 19/19 MP: 1/1
   273 | D:1      | Reached XP level 2. HP: 12/25 MP: 2/2
   340 | D:1      | Reached skill level 1 in Dodging
   845 | D:1      | Reached XP level 3. HP: 30/32 MP: 3/3
  1475 | D:2      | Noticed Sigmund
  1644 | D:2      | Reached skill level 4 in Fighting
  1660 | D:2      | Found Waste's Weapon Boutique.
  2371 | D:3      | Reached XP level 4. HP: 24/39 MP: 4/4
  2865 | D:3      | Noticed Natasha
  2874 | D:3      | Killed Natasha
  2875 | D:3      | Reached XP level 5. HP: 33/46 MP: 5/5
  3022 | D:3      | Noticed Natasha
  3042 | D:3      | Killed Natasha
  3460 | D:3      | Found a runed translucent door.
  3461 | D:3      | Noticed Crazy Yiuf
  3687 | D:3      | Killed Crazy Yiuf
  3688 | D:3      | Reached skill level 5 in Fighting
  3860 | D:3      | Noticed Natasha
  3865 | D:3      | Killed Natasha
  3897 | D:4      | Reached XP level 6. HP: 54/54 MP: 6/6
  4240 | D:4      | Identified the +1 leather armour of the Bulwark {Rampage
                  | Int+2}
  4508 | D:4      | Found a radiant altar of Vehumet.
  4508 | D:4      | Found a burning altar of Makhleb.
  4649 | D:5      | Entered Level 5 of the Dungeon
  4788 | D:5      | Found a snail-covered altar of Cheibriados.
  4829 | D:5      | Noticed a sky beast
  4834 | D:5      | Killed a sky beast
  4835 | D:5      | Reached skill level 6 in Fighting
  4835 | D:5      | Gained mutation: You curl defensively after being hit.
                  | [Palentonga growth]
  4835 | D:5      | Reached XP level 7. HP: 62/62 MP: 7/7
  5292 | D:5      | Noticed a steam dragon
  5293 | D:5      | Noticed a steam dragon
  5297 | D:5      | You fall into a shaft and drop 2 floors!
  5320 | D:7      | Reached skill level 5 in Dodging
  5321 | D:7      | Noticed Maggie
  5322 | D:7      | Reached skill level 7 in Fighting
  5331 | D:7      | Blown up by Maggie

Illustrated notes

Levels and vault maps discovered:
D:1:      lightli_arrival_windingriver, layout_loops_ring
D:2:      layout_loops_ring, serial_shops, nicolae_shop_trees, uniq_sigmund
D:3:      layout_loops_corners, minmay_crystal_room, uniq_natasha,
          uniq_crazy_yiuf_cottage
D:4:      layout_basic, grunt_temple_overflow_lords_of_destruction,
          chequers_garden, hangedman_glass_teeth
D:5:      kennysheep_steamy, layout_basic, minivault_14, chei_slow_surprise
D:7:      layout_loops_ring, minmay_temple_entry_poolview, uniq_maggie

Skill      XL: |  1  2  3  4  5  6  7 |
---------------+----------------------+-----
Dodging        | 1 2 3 4 5 |  5.1
Fighting       | 4 5 6 7 |  7.1
Short Blades   | |  1.0
Stealth        | |  1.0
Shields        | |  1.0
Necromancy     | |  3.0
Evocations     | |  1.0

Action                   |  1- 3 |  4- 6 |  7- 9 || total
-------------------------+-------+-------+-------++-------
Melee: Short sword       |   119 |    88 |       ||   207
       Tailslap          |    14 |    17 |     2 ||    33
       Quarterstaff      |       |    42 |    24 ||    66
 Abil: Rolling Charge    |    25 |    31 |     6 ||    62
  Use: Scroll            |       |     7 |     2 ||     9
       Potion            |       |     1 |     1 ||     2
 Stab: Sleeping          |     2 |       |       ||     2
Armor: Robe              |    24 |    22 |       ||    46
       Skin              |       |     2 |       ||     2
       Leather armour    |       |    10 |    17 ||    27
Dodge: Dodged            |    56 |    50 |    25 ||   131

Table legend: (Time is in decaauts)
 A = Elapsed time spent in this place.
 B = Non-inter-level travel time spent in this place.
 C = Inter-level travel time spent in this place.
 D = Time resting spent in this place.
 E = Time spent auto-exploring this place.
 F = Levels seen in this place.
 G = Mean time per level.
                   A        B        C        D        E       F      G
               +--------+--------+--------+--------+--------+-----+--------+
         Total |   5362 |   5262 |    100 |     35 |   4635 |   6 |  893.7 |
       Dungeon |   5362 |   5262 |    100 |     35 |   4635 |   6 |  893.7 |
               +--------+--------+--------+--------+--------+-----+--------+

Top non-repeatable levels by time:
     D:3: 1578 daAuts
     D:1: 1427 daAuts
     D:2: 887 daAuts
     D:4: 775 daAuts
     D:5: 657 daAuts
     D:7: 35 daAuts
